 Dungeon Crawl Stone Soup version 0.28.0-53-g5a82cb258f (webtiles) character file.

Game seed: 8408038613337360988

103 GigaChad the Ducker (level 4, -10/44 HPs)
             Began as a Troll Fighter on Aug 20, 2022.
             Killed by nerve-wracking pain
             ... invoked by Jessica
              (13 damage)
             ... on level 3 of the Dungeon.
             The game lasted 00:06:30 (1588 turns).

GigaChad the Ducker (Troll Fighter)                 Turns: 1588, Time: 00:06:30

Health: -10/44     AC:  4    Str: 26    XL:     4   Next: 51%
Magic:  3/3        EV:  9    Int:  4    God:
Gold:   56         SH:  7    Dex:  9    Spells: 3/3 levels left

rFire   . . .      SeeInvis .   a - +0 long sword
rCold   . . .      Faith    .   c - +0 kite shield
rNeg    . . .      Spirit   .   b - +0 robe
rPois   .          Reflect  .   (helmet restricted)
rElec   .          Harm     .   (no cloak)
rCorr   .          Rampage  .   (gloves unavailable)
Will    .....                   (boots unavailable)
Stlth   +.........              (no amulet)
HPRegen 0.94/turn               (no ring)
MPRegen 0.08/turn               (no ring)

@: no status effects
A: large, unfitting armour, claws 3, regeneration 1, shaggy fur 1, tough skin 1
a: no special abilities


You were on level 3 of the Dungeon.
You visited 1 branch of the dungeon, and saw 3 of its levels.

You collected 56 gold pieces.

Inventory:

Hand Weapons
 a - a +0 long sword (weapon)
Armour
 b - a +0 robe (worn)
 c - a +0 kite shield (worn)
Scrolls
 g - 4 scrolls of amnesia
 i - a scroll of vulnerability
 k - 2 scrolls of identify
 n - a scroll of teleportation {unknown}
 o - a scroll of enchant weapon {unknown}
Potions
 d - 2 potions of might
 e - a potion of brilliance {unknown}
 f - a potion of heal wounds
 h - a potion of mutation {unknown}
 j - a potion of haste {unknown}
 l - a potion of resistance {unknown}
 m - 2 potions of lignification {unknown}


   Skills:
 + Level 2.8 Fighting
 + Level 2.2 Long Blades
 + Level 3.2 Dodging
 + Level 0.1 Stealth
 + Level 3.1 Shields


You had 3 spell levels left.
You didn't know any spells.
Your spell library contained the following spells:

 Spells                   Type           Power      Damage    Failure   Level
 Magic Dart               Conj           0%         1d3       80%         1
 Call Imp                 Summ           0%         N/A       90%         2
 Call Canine Familiar     Summ           0%         N/A       99%         3
 Gell's Gravitas          Tloc           0%         N/A       99%         3
 Lesser Beckoning         Tloc           0%         N/A       99%         3
 Mephitic Cloud           Conj/Pois/Air  0%         N/A       99%         3
 Portal Projectile        Hex/Tloc       0%         N/A       99%         3
 Teleport Other           Tloc           0%         N/A       99%         3
 Leda's Liquefaction      Hex/Erth       0%         N/A       100%        4


Dungeon Overview and Level Annotations

Branches:
Dungeon (3/15)

Altars:
Elyvilon
Sif Muna

Annotations:
D:3 Jessica


Innate Abilities, Weirdness & Mutations

You are too large for most types of armour.
You have claws for hands.
Your natural rate of healing is unusually fast.
You are covered in fur. (AC +1)
You have tough skin. (AC +1)


Message History

Jessica casts a spell at you. Pain shoots through your body!
Jessica grins evilly.
Found a shimmering blue altar of Sif Muna.
Jessica casts a spell at you. Pain shoots through your body!
Jessica is nearby!
Jessica mumbles some strange words.
Jessica blinks!
Jessica casts a spell at you. Pain shoots through your body!
You block Jessica's attack.
Jessica points at you and mumbles some strange words.
You feel yourself slow down.
You hit Jessica but do no damage.
Jessica mumbles some strange words.
Jessica blinks!
Jessica hits you with a +4 dagger! Jessica hits you with a +4 dagger.
Jessica casts a spell.
Jessica blinks!
Jessica drinks a potion.
Jessica seems to grow stronger.
You closely miss Jessica. You block Jessica's attack.
Jessica hits you with a +4 dagger!
You barely miss Jessica. Jessica hits you with a +4 dagger.
You block Jessica's attack. Jessica barely misses you.
You barely miss Jessica. Jessica hits you with a +4 dagger!
* * * LOW HITPOINT WARNING * * *
Jessica gestures wildly while chanting.
Jessica blinks!
Jessica casts a spell.
Jessica blinks!
You feel yourself speed up. Jessica completely misses you. x2
You hit Jessica but do no damage. Jessica hits you with a +4 dagger!
* * * LOW HITPOINT WARNING * * *
You hit Jessica.
Jessica is lightly wounded.
Jessica gestures at you while chanting. Pain shoots through your body!
You die...

#####.. ###...###
.....>.##.......##
########.........##
# #....≈≈≈....# #
##...≈≈≈≈≈...## #
#...≈≈...≈≈...# #
#...≈≈.>.≈≈...# ###
#...≈≈...≈≈...#
..#####...≈≈≈≈≈.@.##
......#....≈≈≈..@.#
#.###.##.........##
#.# #< ##.......##
#.###. ####...###
....#. #..#...#
#..#.. #..#...#
..###[##..##.## .##
##.......#


You could see Jessica (strong).

Vanquished Creatures
  An orc wizard (D:3)
  An adder (D:2)
  A worm (D:2)
  A dart slug (D:2)
  4 orcs (D:3)
  2 endoplasms
  4 giant cockroaches
  6 goblins
  6 hobgoblins
  10 jackals (D:2)
  2 quokkas
  2 ball pythons (D:1)
  5 bats
  3 frilled lizards (D:1)
  2 kobolds (D:1)
  4 rats
54 creatures vanquished.

Notes
Turn   | Place    | Note
-------+----------+-------------------------------------------
     0 | D:1      | GigaChad the Troll Fighter began the quest for the Orb.
     0 | D:1      | Reached XP level 1. HP: 22/22 MP: 0/0
   255 | D:1      | Reached XP level 2. HP: 26/29 MP: 1/1
   592 | D:1      | You fall into a shaft and drop 1 floor!
   604 | D:2      | Reached XP level 3. HP: 18/36 MP: 2/2
   707 | D:2      | Found a shimmering blue altar of Sif Muna.
  1280 | D:3      | Reached XP level 4. HP: 18/44 MP: 3/3
  1297 | D:3      | Found a white marble altar of Elyvilon.
  1522 | D:3      | Noticed Jessica
  1556 | D:3      | Found a shimmering blue altar of Sif Muna.
  1587 | D:3      | HP: 1/44 [Jessica/+4 dagger (14)]
  1588 | D:3      | Killed from afar by Jessica

Illustrated notes

Levels and vault maps discovered:
D:1:      dpeg_arrival_pits, layout_loops_ring,
          shapermc_ecumenical_altar_flowoftime, item_on_display_a
D:2:      layout_rooms, basic_altar
D:3:      layout_loops_ring, tgw_sif, lemuel_coloured_pillars_altar,
          mainiacjoe_overflow_alcove_1

Skill      XL: |  1  2  3 |
---------------+----------+-----
Dodging        | 3 |  3.2
Long Blades    | 2 |  2.2
Shields        | 3 |  3.1
Fighting       | |  2.8
Stealth        | |  0.1

Action                   |  1- 3 |  4- 6 || total
-------------------------+-------+-------++-------
Melee: Long sword        |   142 |    28 ||   170
  Use: Scroll            |     3 |       ||     3
Armor: Robe              |   128 |    21 ||   149
Dodge: Dodged            |    91 |    16 ||   107
Block: Kite shield       |   100 |    27 ||   127
